Sharks vs Red Wings
(R1)
Created - December 29, 2021 at 09:12
Goals
|
| Sharks |
1 |
0 |
0 |
1 |
| Red Wings |
0 |
2 |
1 |
3 |
|
Shots
|
| Sharks |
6 |
11 |
12 |
29 |
| Red Wings |
12 |
14 |
11 |
37 |
|
1st period
1. Sharks , Jason Spezza 5 (Patrick Wey 2, David Booth 2) at 14:58
Penalties :
David Booth (S.J) for Slashing (Minor) at 11:34
2nd period
2. Red Wings , Henrik Zetterberg 3 (Philip Samuelsson 4) at 0:56
3. Red Wings , Marko Dano 5 (Henrik Zetterberg 7, Michael Haley 1) at 13:15
Penalties :
Nick Palmieri (S.J) for Interference (Minor) at 1:05, David Booth (S.J) for Tripping (Minor) at 7:06, Karl Alzner (S.J) for Elbowing (Minor) at 15:11, Oskar Osala (S.J) for High sticking (Minor) at 17:35
3rd period
4. Red Wings , Mike Richards 4 (Dylan Larkin 2, Kris Versteeg 3) at 11:20 (PP)
Penalties :
Tyler Cuma (S.J) for Holding (Minor) at 7:28, Tyler Cuma (S.J) for Hooking (Minor) at 9:58, Jason Spezza (S.J) for Interference (Minor) at 10:42
Goalie Stats
Ryan Miller (S.J), 34 saves from 37 shots - (0.919), L, 3-6-1, 60:00 minutes
Robin Lehner (Det), 28 saves from 29 shots - (0.966), W, 5-3-0, 60:00 minutes
Players Stats for Sharks
Player Name G A P +/- PIM S H SB GA TA FO MP PP MP PK MP
------------------------------------------------------------------------------------
Bobby Butler 0 0 0 0 0 2 0 1 0 0 1/1 13:12 0:00 0:00
Boone Jenner 0 0 0 0 0 2 0 0 0 0 1/3 13:22 0:00 3:09
Brandon Dubinsky 0 0 0 0 0 2 0 0 0 0 1/2 19:55 0:00 6:40
Corban Knight 0 0 0 -1 0 1 1 0 0 0 2/3 7:48 0:00 0:48
David Booth 0 1 1 0 4 2 1 1 0 0 1/1 20:27 0:00 5:33
Drew Doughty 0 0 0 -1 0 5 0 0 1 1 0/0 26:57 0:00 8:12
Gilbert Brule 0 0 0 0 0 1 2 0 0 0 6/10 16:08 0:00 2:53
J.T. Brown 0 0 0 -1 0 0 1 0 0 0 0/0 6:58 0:00 0:00
Jason Spezza 1 0 1 0 2 5 0 1 0 0 13/29 21:43 0:00 6:47
Karl Alzner 0 0 0 0 2 0 1 1 0 0 0/0 19:36 0:00 5:29
Milan Michalek 0 0 0 0 0 1 2 0 0 1 0/2 12:33 0:00 2:18
Nick Palmieri 0 0 0 -1 2 2 2 1 1 0 0/2 13:28 0:00 0:00
Oskar Osala 0 0 0 0 2 4 2 0 0 0 1/1 10:12 0:00 0:00
Patrick Wey 0 1 1 0 0 0 0 0 0 1 0/0 12:33 0:00 0:31
PK Subban 0 0 0 -1 0 0 1 0 1 0 0/0 26:40 0:00 7:51
Steve Eminger 0 0 0 0 0 0 0 0 0 0 0/0 14:30 0:00 2:18
Tyler Cuma 0 0 0 0 4 2 1 0 0 0 0/0 19:45 0:00 4:53
Zach Boychuk 0 0 0 0 0 0 1 0 0 0 0/0 8:50 0:00 0:27
Players Stats for Red Wings
Player Name G A P +/- PIM S H SB GA TA FO MP PP MP PK MP
------------------------------------------------------------------------------------
Carson Mcmillan 0 0 0 -1 0 3 2 1 0 0 0/0 9:22 0:08 0:00
Connor Brown 0 0 0 0 0 2 3 0 0 0 0/2 21:12 7:40 0:00
David Rundblad 0 0 0 0 0 0 1 0 1 0 0/0 19:48 6:24 0:00
Drew Fata 0 0 0 1 0 1 0 1 0 1 0/0 17:13 0:30 0:00
Dylan Larkin 0 1 1 0 0 2 0 1 0 0 2/4 15:40 5:57 0:00
Henrik Zetterberg 1 1 2 2 0 7 1 0 0 0 18/28 21:00 8:29 0:00
Jiri Fischer 0 0 0 1 0 0 0 0 0 1 0/0 13:46 0:00 0:00
Kris Versteeg 0 1 1 2 0 1 4 2 0 0 0/0 18:44 6:07 0:00
Kyle Okposo 0 0 0 0 0 5 0 0 0 0 0/0 11:03 1:01 0:00
Marko Dano 1 0 1 2 0 2 1 0 0 1 1/1 21:13 8:27 0:00
Max Domi 0 0 0 0 0 1 1 0 1 0 0/1 20:19 5:54 0:00
Michael Haley 0 1 1 -1 0 2 1 1 0 0 0/1 9:14 0:00 0:00
Mike Richards 1 0 1 0 0 1 1 0 1 0 5/10 19:17 5:32 0:00
Ole-Kristian Tollefsen 0 0 0 0 0 1 3 2 0 0 0/0 23:42 8:13 0:00
Philip Samuelsson 0 1 1 0 0 5 0 4 0 0 0/0 26:26 8:13 0:00
Ryan O'Byrne 0 0 0 0 0 2 1 2 0 0 0/0 12:17 0:00 0:00
T.J. Hensick 0 0 0 -1 0 0 2 0 0 0 2/5 9:14 0:00 0:00
Tye McGinn 0 0 0 0 0 2 1 1 0 0 0/2 10:30 0:30 0:00
3 Stars
1 - Henrik Zetterberg (Det)
2 - Robin Lehner (Det)
3 - Marko Dano (Det)
Power Play
Sharks - 0 on 0 Attempt(s) - 0.00%
Red Wings - 1 on 8 Attempt(s) - 12.50%
Penalty Kill
Sharks - 7 on 8 Attempt(s) - 87.50%
- Score 0 goal in Penalty Kill
Red Wings - 0 on 0 Attempt(s) - 0.00%
- Score 0 goal in Penalty Kill
Team Stat
Sharks - Hits : 15 - Faceoff Wins : 26 - Blocked Shots : 5 - Penalty Minutes : 16
Red Wings - Hits : 22 - Faceoff Wins : 28 - Blocked Shots : 15 - Penalty Minutes : 0
Official
Referees : Dean Morton and Brian Pochmara
Linesman : Shandor Alphonso and David Brisebois
Game Notes
No Game Note
Finance
Level 1 -- Attendance: 5727 (95.45%) -- Ticket Income $572,700
Level 2 -- Attendance: 5000 (100.00%) -- Ticket Income $300,000
Level 3 -- Attendance: 2000 (100.00%) -- Ticket Income $70,000
Level 4 -- Attendance: 3548 (88.70%) -- Ticket Income $88,700
Luxury Box -- Attendance: 1000 (100.00%) -- Ticket Income $200,000
Game was played at the Little Caesars arena.
Total Attendance: 17275 (95.97%)
Total Ticket Income: $1,231,400
Other Income: $184,710
Total Income: $1,416,110
Sharks
5 vs 5 Forward
Center Left Wing Right Wing Time % Phy DF OF
1 Jason Spezza David Booth Nick Palmieri 40 1 2 2
2 Gilbert Brule Brandon Dubinsky Bobby Butler 30 1 2 2
3 Boone Jenner Milan Michalek Oskar Osala 20 1 2 2
4 Corban Knight Zach Boychuk J.T. Brown 10 1 2 2
5 vs 5 Defense
Defense Defense Time % Phy DF OF
1 Drew Doughty PK Subban 40 1 2 2
2 Tyler Cuma Karl Alzner 30 1 2 2
3 Steve Eminger Patrick Wey 20 1 2 2
4 Drew Doughty PK Subban 10 1 2 2
PowerPlay Forward
Center Left Wing Right Wing Time % Phy DF OF
1 Jason Spezza David Booth Nick Palmieri 60 1 2 2
2 Gilbert Brule Brandon Dubinsky Bobby Butler 40 1 2 2
PowerPlay Defense
Defense Defense Time % Phy DF OF
1 Drew Doughty PK Subban 60 1 2 2
2 Tyler Cuma Karl Alzner 40 1 2 2
Penalty Kill 4 Players Forward
Center Wing Time % Phy DF OF
1 Jason Spezza David Booth 60 1 2 2
2 Gilbert Brule Brandon Dubinsky 40 1 2 2
Penalty Kill 4 Players Defense
Defense Defense Time % Phy DF OF
1 Drew Doughty PK Subban 60 1 2 2
2 Tyler Cuma Karl Alzner 40 1 2 2
Penalty Kill - 3 Players Forward
Forward Time % Phy DF OF
1 Jason Spezza 60 1 2 2
2 Gilbert Brule 40 1 2 2
Penalty Kill - 3 Players Defense
Defense Defense Time % Phy DF OF
1 Drew Doughty PK Subban 60 1 2 2
2 Tyler Cuma Karl Alzner 40 1 2 2
4 vs 4 Forward
Center Wing Time % Phy DF OF
1 Jason Spezza David Booth 60 1 2 2
2 Gilbert Brule Brandon Dubinsky 40 1 2 2
4 vs 4 Defense
Defense Defense Time % Phy DF OF
1 Drew Doughty PK Subban 60 1 2 2
2 Tyler Cuma Karl Alzner 40 1 2 2
Last Minutes Offensive
Center Left Wing Right Wing Defense Defense
Jason Spezza David Booth Nick Palmieri Drew Doughty PK Subban
Last Minutes Defensive
Center Left Wing Right Wing Defense Defense
Jason Spezza David Booth Nick Palmieri Drew Doughty PK Subban
Goaltenders
Starting : Ryan Miller
Backup : Chet Pickard
Extra Forwards
Normal : Brandon Dubinsky, Milan Michalek, Boone Jenner - PP : Brandon Dubinsky, Milan Michalek - PK : Brandon Dubinsky
Extra Defensemen
Normal : Karl Alzner, Steve Eminger, Patrick Wey - PP : Karl Alzner - PK : Karl Alzner, Steve Eminger
Penalty Shots
Jason Spezza, Gilbert Brule, Nick Palmieri, David Booth, Brandon Dubinsky
Scratches
Brayden McNabb (Healthy), Kevin Connauton (Healthy)
Red Wings
5 vs 5 Forward
Center Left Wing Right Wing Time % Phy DF OF
1 Henrik Zetterberg Marko Dano Kris Versteeg 35 0 2 3
2 Mike Richards Max Domi Connor Brown 35 0 2 3
3 Dylan Larkin Tye McGinn Kyle Okposo 20 0 2 3
4 T.J. Hensick Michael Haley Carson Mcmillan 10 0 3 2
5 vs 5 Defense
Defense Defense Time % Phy DF OF
1 Philip Samuelsson Drew Fata 40 0 2 3
2 Jiri Fischer Ole-Kristian Tollefsen 30 0 2 3
3 Ryan O'Byrne David Rundblad 20 0 2 3
4 Ryan O'Byrne David Rundblad 10 0 3 2
PowerPlay Forward
Center Left Wing Right Wing Time % Phy DF OF
1 Henrik Zetterberg Marko Dano Connor Brown 60 0 1 4
2 Mike Richards Dylan Larkin Kris Versteeg 40 0 1 4
PowerPlay Defense
Defense Defense Time % Phy DF OF
1 Philip Samuelsson Ole-Kristian Tollefsen 60 0 1 4
2 David Rundblad Max Domi 40 0 1 4
Penalty Kill 4 Players Forward
Center Wing Time % Phy DF OF
1 Henrik Zetterberg Carson Mcmillan 60 0 4 1
2 T.J. Hensick Michael Haley 40 0 4 1
Penalty Kill 4 Players Defense
Defense Defense Time % Phy DF OF
1 Ryan O'Byrne Ole-Kristian Tollefsen 60 1 4 0
2 Drew Fata Jiri Fischer 40 1 4 0
Penalty Kill - 3 Players Forward
Forward Time % Phy DF OF
1 Carson Mcmillan 60 1 4 0
2 Michael Haley 40 1 4 0
Penalty Kill - 3 Players Defense
Defense Defense Time % Phy DF OF
1 Ryan O'Byrne Jiri Fischer 60 0 5 0
2 Philip Samuelsson Drew Fata 40 0 5 0
4 vs 4 Forward
Center Wing Time % Phy DF OF
1 Henrik Zetterberg Kris Versteeg 55 0 2 3
2 Mike Richards Connor Brown 45 0 2 3
4 vs 4 Defense
Defense Defense Time % Phy DF OF
1 Philip Samuelsson Drew Fata 60 0 3 2
2 Ole-Kristian Tollefsen Jiri Fischer 40 0 3 2
Last Minutes Offensive
Center Left Wing Right Wing Defense Defense
Henrik Zetterberg Kris Versteeg Connor Brown Philip Samuelsson Ole-Kristian Tollefsen
Last Minutes Defensive
Center Left Wing Right Wing Defense Defense
T.J. Hensick Michael Haley Carson Mcmillan Ryan O'Byrne Drew Fata
Goaltenders
Starting : Robin Lehner
Backup : Mike McKenna
Extra Forwards
Normal : Henrik Zetterberg, Kris Versteeg, Kyle Okposo - PP : Kyle Okposo, Tye McGinn - PK : Mike Richards
Extra Defensemen
Normal : Philip Samuelsson, Ole-Kristian Tollefsen, David Rundblad - PP : David Rundblad - PK : Philip Samuelsson, David Rundblad
Penalty Shots
Kris Versteeg, Dylan Larkin, Marko Dano, Mike Richards, Carson Mcmillan
Scratches
David Krejci (Healthy), Jakub Kindl (Healthy)
% Time on Ice - Sharks
Lines # - Real PCT - Wanted PCT - Time Play
Normal Forward
1 - 33% - 40% - 15:02
2 - 29% - 30% - 13:15
3 - 22% - 20% - 10:08
4 - 15% - 10% - 6:58
Normal Defense
1 - 39% - 40% - 17:50
2 - 33% - 30% - 14:54
3 - 26% - 20% - 11:47
4 - 2% - 10% - 0:52
PP Forward
1 - 0% - 60%
2 - 0% - 40%
PP Defense
1 - 0% - 60%
2 - 0% - 40%
PK Forward
1 - 79% - 60% - 11:06
2 - 21% - 40% - 2:53
PK Defense
1 - 52% - 60% - 7:13
2 - 48% - 40% - 6:46
PK3 Forward
1 - 100% - 60% - 0:38
2 - 0% - 40% - 0:00
PK3 Defense
1 - 100% - 60% - 0:38
2 - 0% - 40% - 0:00
44 Forward
1 - 0% - 60%
2 - 0% - 40%
44 Defense
1 - 0% - 60%
2 - 0% - 40%
Last Minute Offensive - 0:00
Last Minute Defensive - 0:00
Total
Forward - 60:00
Defense - 60:00
|
% Time on Ice - Red Wings
Lines # - Real PCT - Wanted PCT - Time Play
Normal Forward
1 - 28% - 35% - 12:46
2 - 30% - 35% - 13:38
3 - 21% - 20% - 9:45
4 - 20% - 10% - 9:14
Normal Defense
1 - 41% - 40% - 18:26
2 - 32% - 30% - 14:40
3 - 21% - 20% - 9:32
4 - 6% - 10% - 2:45
PP Forward
1 - 58% - 60% - 8:30
2 - 42% - 40% - 6:07
PP Defense
1 - 56% - 60% - 8:13
2 - 44% - 40% - 6:24
PK Forward
1 - 0% - 60%
2 - 0% - 40%
PK Defense
1 - 0% - 60%
2 - 0% - 40%
PK3 Forward
1 - 0% - 60%
2 - 0% - 40%
PK3 Defense
1 - 0% - 60%
2 - 0% - 40%
44 Forward
1 - 0% - 55%
2 - 0% - 45%
44 Defense
1 - 0% - 60%
2 - 0% - 40%
Last Minute Offensive - 0:00
Last Minute Defensive - 0:00
Total
Forward - 60:00
Defense - 60:00
|
Play-by-Play
1st period
0:01 of 1st period - Henrik Zetterberg wins face-off versus Jason Spezza in neutral zone.
0:37 of 1st period - Slapshot by Drew Doughty.
0:37 of 1st period - Shot Misses the Net.
0:45 of 1st period - Gilbert Brule is hit by Connor Brown and loses puck.
1:44 of 1st period - Wrist shot by Brandon Dubinsky.
1:44 of 1st period - Shot Blocked by Ryan O'Byrne.
2:08 of 1st period - Slapshot by Drew Doughty.
2:08 of 1st period - Deflect By Brandon Dubinsky.
2:08 of 1st period - Stopped by Robin Lehner without a rebound.
2:09 of 1st period - Dylan Larkin wins face-off versus Jason Spezza in Red Wings zone.
2:18 of 1st period - Wrist shot by Kyle Okposo.
2:18 of 1st period - Shot Misses the Net.
2:20 of 1st period - Slapshot by Tye McGinn.
2:20 of 1st period - Shot Misses the Net.
2:22 of 1st period - Wrist shot by Kyle Okposo.
2:22 of 1st period - Stopped by Ryan Miller with a rebound.
2:24 of 1st period - Slapshot by Tye McGinn.
2:24 of 1st period - Stopped by Ryan Miller with a rebound.
2:26 of 1st period - Slapshot by Drew Fata.
2:26 of 1st period - Stopped by Ryan Miller with a rebound.
2:36 of 1st period - Drew Fata is hit by Oskar Osala and loses puck.
3:01 of 1st period - Steve Eminger is hit by T.J. Hensick and loses puck.
6:22 of 1st period - Drew Doughty is hit by Marko Dano and loses puck.
6:29 of 1st period - Drew Fata is hit by Tyler Cuma and loses puck.
6:45 of 1st period - Philip Samuelsson is hit by David Booth and loses puck.
6:52 of 1st period - Slapshot by Henrik Zetterberg.
6:52 of 1st period - Stopped by Ryan Miller with a rebound.
7:15 of 1st period - Steve Eminger is hit by Ryan O'Byrne and loses puck.
7:24 of 1st period - Snap shot by Henrik Zetterberg.
7:24 of 1st period - Deflect By Jason Spezza.
7:24 of 1st period - Stopped by Ryan Miller without a rebound.
7:25 of 1st period - Mike Richards wins face-off versus Milan Michalek in Sharks zone.
8:10 of 1st period - Slapshot by Drew Doughty.
8:10 of 1st period - Stopped by Robin Lehner without a rebound.
8:11 of 1st period - Corban Knight wins face-off versus Michael Haley in Red Wings zone.
8:59 of 1st period - Snap shot by Tye McGinn.
8:59 of 1st period - Shot Blocked by Bobby Butler.
9:01 of 1st period - Snap shot by Kyle Okposo.
9:01 of 1st period - Stopped by Ryan Miller with a rebound.
9:05 of 1st period - Snap shot by Dylan Larkin.
9:05 of 1st period - Shot Misses the Net.
9:07 of 1st period - Slapshot by Philip Samuelsson.
9:07 of 1st period - Stopped by Ryan Miller with a rebound.
9:41 of 1st period - Snap shot by Marko Dano.
9:41 of 1st period - Stopped by Ryan Miller with a rebound.
9:43 of 1st period - Wrist shot by Henrik Zetterberg.
9:43 of 1st period - Stopped by Ryan Miller without a rebound.
9:44 of 1st period - Mike Richards wins face-off versus Boone Jenner in Sharks zone.
10:52 of 1st period - J.T. Brown is hit by Michael Haley and loses puck.
10:57 of 1st period - Wrist shot by Carson Mcmillan.
10:57 of 1st period - Stopped by Ryan Miller with a rebound.
11:34 of 1st period - Minor Penalty to David Booth for Slashing.
11:35 of 1st period - Jason Spezza wins face-off versus Henrik Zetterberg in Sharks zone.
13:09 of 1st period - David Rundblad is hit by PK Subban and loses puck.
13:34 of 1st period - Penalty to David Booth is over, David Booth is back on ice.
13:36 of 1st period - Drew Doughty is hit by Ole-Kristian Tollefsen and loses puck.
14:37 of 1st period - Wrist shot by Carson Mcmillan.
14:37 of 1st period - Stopped by Ryan Miller with a rebound.
14:43 of 1st period - T.J. Hensick is hit by Karl Alzner and loses puck.
14:48 of 1st period - Slapshot by Jason Spezza.
14:48 of 1st period - Stopped by Robin Lehner with a rebound.
14:50 of 1st period - Slapshot by Patrick Wey.
14:50 of 1st period - Shot Blocked by Ole-Kristian Tollefsen.
14:52 of 1st period - Slapshot by Patrick Wey.
14:52 of 1st period - Shot Misses the Net.
14:54 of 1st period - Snap shot by David Booth.
14:54 of 1st period - Shot Blocked by Philip Samuelsson.
14:56 of 1st period - Backhand shot by Patrick Wey.
14:56 of 1st period - Shot Blocked by Michael Haley.
14:58 of 1st period - Snap shot by Jason Spezza.
14:58 of 1st period - Goal by Jason Spezza - Sharks : 1 - Red Wings : 0.
14:59 of 1st period - Mike Richards wins face-off versus Gilbert Brule in neutral zone.
15:08 of 1st period - Drew Doughty is hit by Max Domi and loses puck.
15:30 of 1st period - PK Subban is hit by Kris Versteeg and loses puck.
15:44 of 1st period - Off-side.
15:45 of 1st period - Gilbert Brule wins face-off versus Tye McGinn in neutral zone.
16:35 of 1st period - Corban Knight is hit by Kris Versteeg and loses puck.
16:42 of 1st period - Drew Fata is hit by J.T. Brown.
16:48 of 1st period - Philip Samuelsson is hit by Zach Boychuk and loses puck.
16:59 of 1st period - Snap shot by Carson Mcmillan.
16:59 of 1st period - Stopped by Ryan Miller without a rebound.
17:00 of 1st period - Bobby Butler wins face-off versus T.J. Hensick in Sharks zone.
17:00 of 1st period - Bobby Butler is hit by Carson Mcmillan.
17:35 of 1st period - Snap shot by Tyler Cuma.
17:35 of 1st period - Stopped by Robin Lehner without a rebound.
17:36 of 1st period - Henrik Zetterberg wins face-off versus Jason Spezza in Red Wings zone.
17:41 of 1st period - Nick Palmieri is hit by Kris Versteeg and loses puck.
17:48 of 1st period - Snap shot by Nick Palmieri.
17:48 of 1st period - Stopped by Robin Lehner with a rebound.
17:50 of 1st period - Snap shot by David Booth.
17:50 of 1st period - Shot Blocked by Kris Versteeg.
17:52 of 1st period - Snap shot by David Booth.
17:52 of 1st period - Shot Blocked by Kris Versteeg.
18:22 of 1st period - David Rundblad is hit by Milan Michalek and loses puck.
19:29 of 1st period - Brandon Dubinsky is hit by Ole-Kristian Tollefsen and loses puck.
19:38 of 1st period - Wrist shot by Gilbert Brule.
19:38 of 1st period - Deflect By Brandon Dubinsky.
19:38 of 1st period - Shot Blocked by Ole-Kristian Tollefsen.
19:38 of 1st period - Puck is out of play.
19:39 of 1st period - Jason Spezza wins face-off versus Mike Richards in Red Wings zone.
Goals for this period are 1 for Sharks vs 0 for Red Wings.
Shots for this period are 6 for Sharks vs 12 for Red Wings.
2nd period
0:01 of 2nd period - Jason Spezza wins face-off versus Henrik Zetterberg in neutral zone.
0:32 of 2nd period - Slapshot by Drew Doughty.
0:32 of 2nd period - Shot Misses the Net.
0:34 of 2nd period - Slapshot by Bobby Butler.
0:34 of 2nd period - Stopped by Robin Lehner with a rebound.
0:36 of 2nd period - Snap shot by Gilbert Brule.
0:36 of 2nd period - Shot Misses the Net.
0:38 of 2nd period - Snap shot by Bobby Butler.
0:38 of 2nd period - Stopped by Robin Lehner without a rebound.
0:39 of 2nd period - Henrik Zetterberg wins face-off versus Jason Spezza in Red Wings zone.
0:39 of 2nd period - Henrik Zetterberg is hit by Nick Palmieri.
0:50 of 2nd period - Off-side.
0:51 of 2nd period - Henrik Zetterberg wins face-off versus Nick Palmieri in neutral zone.
0:56 of 2nd period - Wrist shot by Henrik Zetterberg.
0:56 of 2nd period - Goal by Henrik Zetterberg - Sharks : 1 - Red Wings : 1.
0:57 of 2nd period - Henrik Zetterberg wins face-off versus Jason Spezza in neutral zone.
1:02 of 2nd period - Snap shot by Kris Versteeg.
1:02 of 2nd period - Deflect By Henrik Zetterberg.
1:02 of 2nd period - Stopped by Ryan Miller without a rebound.
1:03 of 2nd period - Jason Spezza wins face-off versus Henrik Zetterberg in Sharks zone.
1:05 of 2nd period - Minor Penalty to Nick Palmieri for Interference.
1:06 of 2nd period - Marko Dano wins face-off versus Jason Spezza in Sharks zone.
1:08 of 2nd period - Snap shot by Henrik Zetterberg.
1:08 of 2nd period - Stopped by Ryan Miller without a rebound.
1:09 of 2nd period - Jason Spezza wins face-off versus Henrik Zetterberg in Sharks zone.
2:16 of 2nd period - Snap shot by Kris Versteeg.
2:16 of 2nd period - Shot Hit the Post.
2:18 of 2nd period - Snap shot by David Rundblad.
2:18 of 2nd period - Shot Blocked by Karl Alzner.
2:20 of 2nd period - Slapshot by David Rundblad.
2:20 of 2nd period - Deflect By Kris Versteeg.
2:20 of 2nd period - Shot Misses the Net.
2:20 of 2nd period - Puck is out of play.
2:21 of 2nd period - David Booth wins face-off versus Mike Richards in Sharks zone.
3:05 of 2nd period - Penalty to Nick Palmieri is over, Nick Palmieri is back on ice.
3:08 of 2nd period - Slapshot by Philip Samuelsson.
3:08 of 2nd period - Stopped by Ryan Miller with a rebound.
3:10 of 2nd period - Slapshot by Michael Haley.
3:10 of 2nd period - Shot Misses the Net.
4:20 of 2nd period - Wrist shot by Oskar Osala.
4:20 of 2nd period - Stopped by Robin Lehner with a rebound.
4:22 of 2nd period - Slapshot by Oskar Osala.
4:22 of 2nd period - Stopped by Robin Lehner without a rebound.
4:23 of 2nd period - T.J. Hensick wins face-off versus Milan Michalek in Red Wings zone.
4:28 of 2nd period - Slapshot by Boone Jenner.
4:28 of 2nd period - Stopped by Robin Lehner with a rebound.
4:30 of 2nd period - Wrist shot by Milan Michalek.
4:30 of 2nd period - Stopped by Robin Lehner without a rebound.
4:31 of 2nd period - Jason Spezza wins face-off versus T.J. Hensick in Red Wings zone.
4:34 of 2nd period - Slapshot by Jason Spezza.
4:34 of 2nd period - Stopped by Robin Lehner without a rebound.
4:35 of 2nd period - Jason Spezza wins face-off versus Max Domi in Red Wings zone.
4:44 of 2nd period - David Booth is hit by Connor Brown and loses puck.
5:17 of 2nd period - Snap shot by Bobby Butler.
5:17 of 2nd period - Shot Misses the Net.
5:29 of 2nd period - Wrist shot by Tye McGinn.
5:29 of 2nd period - Stopped by Ryan Miller with a rebound.
5:31 of 2nd period - Snap shot by Kyle Okposo.
5:31 of 2nd period - Stopped by Ryan Miller without a rebound.
5:32 of 2nd period - Boone Jenner wins face-off versus Dylan Larkin in Sharks zone.
5:47 of 2nd period - Wrist shot by Oskar Osala.
5:47 of 2nd period - Stopped by Robin Lehner with a rebound.
5:49 of 2nd period - Snap shot by PK Subban.
5:49 of 2nd period - Shot Blocked by Tye McGinn.
5:51 of 2nd period - Snap shot by Milan Michalek.
5:51 of 2nd period - Shot Blocked by Philip Samuelsson.
5:53 of 2nd period - Wrist shot by Oskar Osala.
5:53 of 2nd period - Stopped by Robin Lehner with a rebound.
6:21 of 2nd period - Philip Samuelsson is hit by Milan Michalek and loses puck.
6:46 of 2nd period - Snap shot by Tyler Cuma.
6:46 of 2nd period - Stopped by Robin Lehner without a rebound.
6:47 of 2nd period - Mike Richards wins face-off versus Nick Palmieri in Red Wings zone.
6:52 of 2nd period - Drew Doughty is hit by Mike Richards and loses puck.
7:06 of 2nd period - Minor Penalty to David Booth for Tripping.
7:07 of 2nd period - Henrik Zetterberg wins face-off versus Jason Spezza in Sharks zone.
7:25 of 2nd period - Jason Spezza is hit by Connor Brown and loses puck.
7:40 of 2nd period - Slapshot by Philip Samuelsson.
7:40 of 2nd period - Stopped by Ryan Miller with a rebound.
9:06 of 2nd period - Penalty to David Booth is over, David Booth is back on ice.
9:18 of 2nd period - Slapshot by Philip Samuelsson.
9:18 of 2nd period - Stopped by Ryan Miller with a rebound.
9:20 of 2nd period - Backhand shot by Carson Mcmillan.
9:20 of 2nd period - Deflect By Michael Haley.
9:20 of 2nd period - Stopped by Ryan Miller with a rebound.
9:48 of 2nd period - Michael Haley is hit by Gilbert Brule and loses puck.
10:23 of 2nd period - Icing by David Booth.
10:24 of 2nd period - Henrik Zetterberg wins face-off versus Corban Knight in Sharks zone.
10:39 of 2nd period - Slapshot by Drew Doughty.
10:39 of 2nd period - Stopped by Robin Lehner with a rebound.
11:55 of 2nd period - Patrick Wey is hit by Kris Versteeg and loses puck.
12:08 of 2nd period - Wrist shot by Connor Brown.
12:08 of 2nd period - Stopped by Ryan Miller with a rebound.
12:10 of 2nd period - Snap shot by Max Domi.
12:10 of 2nd period - Shot Blocked by Nick Palmieri.
12:12 of 2nd period - Snap shot by Mike Richards.
12:12 of 2nd period - Shot Misses the Net.
12:14 of 2nd period - Slapshot by Drew Fata.
12:14 of 2nd period - Deflect By Connor Brown.
12:14 of 2nd period - Stopped by Ryan Miller with a rebound.
12:16 of 2nd period - Slapshot by Mike Richards.
12:16 of 2nd period - Shot Misses the Net.
12:26 of 2nd period - Gilbert Brule is hit by Tye McGinn and loses puck.
12:48 of 2nd period - Tyler Cuma is hit by Carson Mcmillan and loses puck.
12:57 of 2nd period - Slapshot by PK Subban.
12:57 of 2nd period - Shot Blocked by Carson Mcmillan.
13:15 of 2nd period - Wrist shot by Henrik Zetterberg.
13:15 of 2nd period - Deflect By Marko Dano.
13:15 of 2nd period - Goal by Marko Dano - Sharks : 1 - Red Wings : 2.
13:16 of 2nd period - Gilbert Brule wins face-off versus Henrik Zetterberg in neutral zone.
13:43 of 2nd period - Mike Richards is hit by Oskar Osala and loses puck.
13:50 of 2nd period - Snap shot by Boone Jenner.
13:50 of 2nd period - Shot Misses the Net.
14:26 of 2nd period - Slapshot by Ryan O'Byrne.
14:26 of 2nd period - Stopped by Ryan Miller without a rebound.
14:27 of 2nd period - Jason Spezza wins face-off versus T.J. Hensick in Sharks zone.
14:27 of 2nd period - Jason Spezza is hit by T.J. Hensick.
14:51 of 2nd period - Brandon Dubinsky is hit by Henrik Zetterberg and loses puck.
15:11 of 2nd period - Minor Penalty to Karl Alzner for Elbowing.
15:12 of 2nd period - Jason Spezza wins face-off versus Connor Brown in Sharks zone.
15:25 of 2nd period - Slapshot by Ole-Kristian Tollefsen.
15:25 of 2nd period - Shot Misses the Net.
15:39 of 2nd period - Philip Samuelsson is hit by Gilbert Brule and loses puck.
15:48 of 2nd period - Snap shot by Dylan Larkin.
15:48 of 2nd period - Stopped by Ryan Miller with a rebound.
15:50 of 2nd period - Snap shot by Dylan Larkin.
15:50 of 2nd period - Shot Misses the Net.
16:21 of 2nd period - Icing by Henrik Zetterberg.
16:22 of 2nd period - Henrik Zetterberg wins face-off versus Gilbert Brule in Red Wings zone.
16:45 of 2nd period - Slapshot by Brandon Dubinsky.
16:45 of 2nd period - Shot Blocked by Philip Samuelsson.
17:11 of 2nd period - Penalty to Karl Alzner is over, Karl Alzner is back on ice.
17:35 of 2nd period - Minor Penalty to Oskar Osala for High sticking.
17:36 of 2nd period - Henrik Zetterberg wins face-off versus Jason Spezza in Sharks zone.
18:01 of 2nd period - Gilbert Brule is hit by Ole-Kristian Tollefsen and loses puck.
18:10 of 2nd period - Backhand shot by Dylan Larkin.
18:10 of 2nd period - Shot Misses the Net.
19:35 of 2nd period - Penalty to Oskar Osala is over, Oskar Osala is back on ice.
Goals for this period are 0 for Sharks vs 2 for Red Wings.
Shots for this period are 11 for Sharks vs 14 for Red Wings.
3rd period
0:01 of 3rd period - Mike Richards wins face-off versus Jason Spezza in neutral zone.
0:17 of 3rd period - Snap shot by Jason Spezza.
0:17 of 3rd period - Stopped by Robin Lehner without a rebound.
0:18 of 3rd period - Henrik Zetterberg wins face-off versus Gilbert Brule in Red Wings zone.
1:20 of 3rd period - Wrist shot by Dylan Larkin.
1:20 of 3rd period - Stopped by Ryan Miller without a rebound.
1:21 of 3rd period - Henrik Zetterberg wins face-off versus Jason Spezza in Sharks zone.
1:36 of 3rd period - Slapshot by Drew Doughty.
1:36 of 3rd period - Stopped by Robin Lehner without a rebound.
1:37 of 3rd period - Gilbert Brule wins face-off versus Mike Richards in Red Wings zone.
1:38 of 3rd period - Snap shot by Brandon Dubinsky.
1:38 of 3rd period - Shot Misses the Net.
1:40 of 3rd period - Slapshot by Brandon Dubinsky.
1:40 of 3rd period - Shot Misses the Net.
1:42 of 3rd period - Snap shot by Bobby Butler.
1:42 of 3rd period - Shot Hit the Post.
1:44 of 3rd period - Slapshot by PK Subban.
1:44 of 3rd period - Deflect By Bobby Butler.
1:44 of 3rd period - Shot Misses the Net.
1:44 of 3rd period - Puck is out of play.
1:45 of 3rd period - Gilbert Brule wins face-off versus Mike Richards in Red Wings zone.
2:10 of 3rd period - Slapshot by Drew Doughty.
2:10 of 3rd period - Shot Hit the Post.
2:12 of 3rd period - Slapshot by Drew Doughty.
2:12 of 3rd period - Stopped by Robin Lehner with a rebound.
2:14 of 3rd period - Slapshot by Drew Doughty.
2:14 of 3rd period - Deflect By Bobby Butler.
2:14 of 3rd period - Shot Blocked by Ryan O'Byrne.
2:14 of 3rd period - Puck is out of play.
2:15 of 3rd period - Jason Spezza wins face-off versus Henrik Zetterberg in Red Wings zone.
2:20 of 3rd period - Slapshot by Nick Palmieri.
2:20 of 3rd period - Stopped by Robin Lehner without a rebound.
2:21 of 3rd period - Henrik Zetterberg wins face-off versus Jason Spezza in Red Wings zone.
2:54 of 3rd period - Snap shot by Brandon Dubinsky.
2:54 of 3rd period - Stopped by Robin Lehner without a rebound.
2:55 of 3rd period - Gilbert Brule wins face-off versus Connor Brown in Red Wings zone.
4:36 of 3rd period - Backhand shot by Brandon Dubinsky.
4:36 of 3rd period - Shot Blocked by Philip Samuelsson.
5:41 of 3rd period - Slapshot by Ryan O'Byrne.
5:41 of 3rd period - Stopped by Ryan Miller with a rebound.
5:43 of 3rd period - Snap shot by Connor Brown.
5:43 of 3rd period - Deflect By Max Domi.
5:43 of 3rd period - Shot Misses the Net.
5:43 of 3rd period - Puck is out of play.
5:44 of 3rd period - Jason Spezza wins face-off versus Mike Richards in Sharks zone.
7:03 of 3rd period - Wrist shot by Mike Richards.
7:03 of 3rd period - Shot Misses the Net.
7:25 of 3rd period - Snap shot by Max Domi.
7:25 of 3rd period - Stopped by Ryan Miller without a rebound.
7:26 of 3rd period - Jason Spezza wins face-off versus Henrik Zetterberg in Sharks zone.
7:28 of 3rd period - Minor Penalty to Tyler Cuma for Holding.
7:29 of 3rd period - Jason Spezza wins face-off versus Henrik Zetterberg in Sharks zone.
9:28 of 3rd period - Penalty to Tyler Cuma is over, Tyler Cuma is back on ice.
9:41 of 3rd period - Max Domi is hit by Corban Knight and loses puck.
9:58 of 3rd period - Minor Penalty to Tyler Cuma for Hooking.
9:59 of 3rd period - Henrik Zetterberg wins face-off versus Jason Spezza in Sharks zone.
10:02 of 3rd period - Slapshot by Henrik Zetterberg.
10:02 of 3rd period - Stopped by Ryan Miller with a rebound.
10:04 of 3rd period - Slapshot by Ole-Kristian Tollefsen.
10:04 of 3rd period - Shot Blocked by Jason Spezza.
10:27 of 3rd period - Wrist shot by Gilbert Brule.
10:27 of 3rd period - Stopped by Robin Lehner without a rebound.
10:28 of 3rd period - Henrik Zetterberg wins face-off versus Jason Spezza in Red Wings zone.
10:33 of 3rd period - Slapshot by David Booth.
10:33 of 3rd period - Stopped by Robin Lehner with a rebound.
10:42 of 3rd period - Minor Penalty to Jason Spezza for Interference.
10:43 of 3rd period - Brandon Dubinsky wins face-off versus Henrik Zetterberg in Sharks zone.
11:18 of 3rd period - Wrist shot by Dylan Larkin.
11:18 of 3rd period - Shot Misses the Net.
11:20 of 3rd period - Slapshot by Mike Richards.
11:20 of 3rd period - Goal by Mike Richards - Sharks : 1 - Red Wings : 3.
11:21 of 3rd period - Henrik Zetterberg wins face-off versus Brandon Dubinsky in neutral zone.
11:30 of 3rd period - Slapshot by Ole-Kristian Tollefsen.
11:30 of 3rd period - Shot Misses the Net.
11:32 of 3rd period - Snap shot by Henrik Zetterberg.
11:32 of 3rd period - Shot Blocked by David Booth.
11:34 of 3rd period - Snap shot by Henrik Zetterberg.
11:34 of 3rd period - Shot Misses the Net.
11:36 of 3rd period - Snap shot by Ole-Kristian Tollefsen.
11:36 of 3rd period - Shot Misses the Net.
11:38 of 3rd period - Snap shot by Philip Samuelsson.
11:38 of 3rd period - Stopped by Ryan Miller with a rebound.
11:59 of 3rd period - Snap shot by Ole-Kristian Tollefsen.
11:59 of 3rd period - Stopped by Ryan Miller with a rebound.
12:40 of 3rd period - Snap shot by Corban Knight.
12:40 of 3rd period - Stopped by Robin Lehner with a rebound.
12:42 of 3rd period - Penalty to Jason Spezza is over, Jason Spezza is back on ice.
12:42 of 3rd period - Slapshot by Drew Doughty.
12:42 of 3rd period - Deflect By Jason Spezza.
12:42 of 3rd period - Shot Misses the Net.
12:42 of 3rd period - Puck is out of play.
12:43 of 3rd period - Corban Knight wins face-off versus Dylan Larkin in Red Wings zone.
13:14 of 3rd period - Snap shot by Philip Samuelsson.
13:14 of 3rd period - Shot Misses the Net.
13:16 of 3rd period - Slapshot by T.J. Hensick.
13:16 of 3rd period - Shot Misses the Net.
13:18 of 3rd period - Wrist shot by Michael Haley.
13:18 of 3rd period - Stopped by Ryan Miller without a rebound.
13:19 of 3rd period - T.J. Hensick wins face-off versus Jason Spezza in Sharks zone.
14:39 of 3rd period - Slapshot by Kyle Okposo.
14:39 of 3rd period - Stopped by Ryan Miller without a rebound.
14:40 of 3rd period - Dylan Larkin wins face-off versus Jason Spezza in Sharks zone.
14:43 of 3rd period - Snap shot by Dylan Larkin.
14:43 of 3rd period - Shot Misses the Net.
14:45 of 3rd period - Snap shot by Ole-Kristian Tollefsen.
14:45 of 3rd period - Deflect By Kyle Okposo.
14:45 of 3rd period - Stopped by Ryan Miller without a rebound.
14:46 of 3rd period - Henrik Zetterberg wins face-off versus Jason Spezza in Sharks zone.
15:04 of 3rd period - Marko Dano is hit by Nick Palmieri and loses puck.
15:38 of 3rd period - Snap shot by Jason Spezza.
15:38 of 3rd period - Shot Misses the Net.
15:40 of 3rd period - Backhand shot by Jason Spezza.
15:40 of 3rd period - Shot Misses the Net.
15:42 of 3rd period - Wrist shot by David Booth.
15:42 of 3rd period - Stopped by Robin Lehner with a rebound.
15:44 of 3rd period - Snap shot by Jason Spezza.
15:44 of 3rd period - Stopped by Robin Lehner without a rebound.
15:45 of 3rd period - Oskar Osala wins face-off versus Tye McGinn in Red Wings zone.
15:54 of 3rd period - Slapshot by Boone Jenner.
15:54 of 3rd period - Shot Blocked by Dylan Larkin.
15:56 of 3rd period - Slapshot by Drew Doughty.
15:56 of 3rd period - Stopped by Robin Lehner with a rebound.
15:58 of 3rd period - Snap shot by Milan Michalek.
15:58 of 3rd period - Shot Misses the Net.
16:00 of 3rd period - Slapshot by PK Subban.
16:00 of 3rd period - Shot Blocked by Drew Fata.
16:24 of 3rd period - Snap shot by Connor Brown.
16:24 of 3rd period - Shot Misses the Net.
16:54 of 3rd period - Oskar Osala is hit by David Rundblad.
17:02 of 3rd period - Snap shot by Boone Jenner.
17:02 of 3rd period - Shot Misses the Net.
18:45 of 3rd period - Icing by Karl Alzner.
18:46 of 3rd period - Henrik Zetterberg wins face-off versus Gilbert Brule in Sharks zone.
18:47 of 3rd period - Slapshot by Kris Versteeg.
18:47 of 3rd period - Stopped by Ryan Miller without a rebound.
18:48 of 3rd period - Gilbert Brule wins face-off versus Henrik Zetterberg in Sharks zone.
18:55 of 3rd period - Slapshot by PK Subban.
18:55 of 3rd period - Shot Misses the Net.
19:12 of 3rd period - Icing by Henrik Zetterberg.
19:13 of 3rd period - Henrik Zetterberg wins face-off versus Boone Jenner in Red Wings zone.
19:24 of 3rd period - Snap shot by Boone Jenner.
19:24 of 3rd period - Stopped by Robin Lehner with a rebound.
Goals for this period are 0 for Sharks vs 1 for Red Wings.
Shots for this period are 12 for Sharks vs 11 for Red Wings.